Moose vs Barracuda (R1)

Created - May 16, 2025 at 19:52

Goals
1 2 3 T
Moose 1 0 3 4
Barracuda 0 1 2 3
Shots
1 2 3 T
Moose 6 13 8 27
Barracuda 5 12 8 25

1st period

1. Moose , Morgan Geekie 25 (Eetu Luostarinen 46) at 9:36

Penalties :
Nikolai Kovalenko (S.J) for Hooking (Minor) at 11:52, Aliaksei Protas (Man) for Cross-checking (Minor) at 14:45

2nd period

2. Barracuda , William Carrier 43 (Emil Pettersson 75) at 4:26 (PP)

Penalties :
Jake Leschyshyn (Man) for Roughing (Minor) at 3:45, Jaedon Descheneau (S.J) for Tripping (Minor) at 5:29, Luke Martin (S.J) for High sticking (Minor) at 6:28, Caleb Jones (Man) for Butt-ending (Major / Game Misconduct) at 9:58

3rd period

3. Barracuda , Kurtis Macdermid 54 (Theodor Blueger 51) at 0:50
4. Moose , Julien Gauthier 25 (Reid Boucher 9, Josh Mahura 26) at 4:50
5. Barracuda , Emil Pettersson 41 (William Carrier 55, Thomas Gobeil 26) at 9:21 (PP)
6. Moose , Morgan Geekie 26 (Reid Boucher 10) at 10:52 (PP)
7. Moose , Reid Boucher 10 (Juuso Valimaki 49, Eetu Luostarinen 47) at 19:16 (PP)

Penalties :
Aliaksei Protas (Man) for Interference (Minor) at 1:40, Morgan Geekie (Man) for Holding (Minor) at 5:45, Joey Keane (Man) for Tripping (Minor) at 9:05, Kurtis Macdermid (S.J) for High sticking (Minor) at 10:46, Jaedon Descheneau (S.J) for Slashing (Minor) at 19:01, Morgan Geekie (Man) for Tripping (Minor) at 19:43

Goalie Stats

Filip Gustavsson (Man), 22 saves from 25 shots - (0.880), W, 36-30-3, 60:00 minutes
Joni Ortio (S.J), 23 saves from 27 shots - (0.852), L, 30-28-5, 59:45 minutes

Players Stats for Moose

Player Name              G  A  P  +/- PIM S  H  SB GA TA FO     MP     PP MP  PK MP  
------------------------------------------------------------------------------------
                         0  0  0   0  0   0  0  0  0  0  0/0     0:00   0:00   0:00 
                         0  0  0   0  0   0  0  0  0  0  0/0     0:00   0:00   0:00 
                         0  0  0   0  0   0  0  0  0  0  0/0     0:00   0:00   0:00 
                         0  0  0   0  0   0  0  0  0  0  0/0     0:00   0:00   0:00 
                         0  0  0   0  0   0  0  0  0  0  0/0     0:00   0:00   0:00 
                         0  0  0   0  0   0  0  0  0  0  0/0     0:00   0:00   0:00 
                         0  0  0   0  0   0  0  0  0  0  0/0     0:00   0:00   0:00 
Aliaksei Protas          0  0  0   0  4   1  2  0  0  0  0/0     9:11   0:00   0:00 
Axel Jonsson-Fjallby     0  0  0   1  0   1  1  0  0  0  0/0     8:10   0:00   0:00 
Caleb Jones              0  0  0   1  15  0  1  1  0  2  0/0    10:08   2:16   0:55 
Eetu Luostarinen         0  2  2   0  0   2  0  1  0  1  2/4    25:39   3:10   6:35 
Jake Leschyshyn          0  0  0   0  2   3  1  0  0  0  3/8    15:36   2:08   3:34 
Joey Keane               0  0  0   0  2   0  0  0  0  1  0/0    16:08   0:00   3:23 
Jonny Tychonick          0  0  0   0  0   0  0  0  0  0  0/0     9:39   0:00   0:51 
Josh Mahura              0  1  1   1  0   1  0  0  1  0  0/0    20:26   2:16   4:34 
Julien Gauthier          1  0  1   1  0   5  2  0  0  0  0/0    11:17   2:08   0:00 
Juuso Valimaki           0  1  1   0  0   1  3  1  0  0  0/0    31:33   3:02   7:00 
Logan O'Connor           0  0  0   0  0   2  0  0  0  0  0/0     8:45   0:00   2:00 
Ludwig Bystrom           0  0  0   0  0   1  2  1  0  1  0/0    31:06   3:02   6:44 
Mitchell Stephens        0  0  0   1  0   0  0  0  0  0  5/8     8:25   0:00   0:00 
Morgan Barron            0  0  0   0  0   1  1  0  0  0  0/0    16:07   2:08   4:02 
Morgan Geekie            2  0  2   0  4   5  2  2  0  1  0/0    20:05   3:10   0:51 
Nick Paul                0  0  0   0  0   1  1  0  0  0  0/0    11:20   0:00   1:17 
Reid Boucher             1  2  3   0  0   3  3  1  1  0  21/50  24:56   3:10   6:30 
Riley Damiani            0  0  0   0  0   0  0  0  0  0  1/4     9:13   0:00   0:20 

Players Stats for Barracuda

Player Name              G  A  P  +/- PIM S  H  SB GA TA FO     MP     PP MP  PK MP  
------------------------------------------------------------------------------------
                         0  0  0   0  0   0  0  0  0  0  0/0     0:00   0:00   0:00 
                         0  0  0   0  0   0  0  0  0  0  0/0     0:00   0:00   0:00 
                         0  0  0   0  0   0  0  0  0  0  0/0     0:00   0:00   0:00 
                         0  0  0   0  0   0  0  0  0  0  0/0     0:00   0:00   0:00 
                         0  0  0   0  0   0  0  0  0  0  0/0     0:00   0:00   0:00 
                         0  0  0   0  0   0  0  0  0  0  0/0     0:00   0:00   0:00 
                         0  0  0   0  0   0  0  0  0  0  0/0     0:00   0:00   0:00 
Alex Henriksson          0  0  0  -1  0   0  1  0  0  0  0/0    11:39   1:32   0:28 
Alex Lintuniemi          0  0  0   0  0   1  0  1  0  0  0/0     9:52   0:26   0:00 
Alexei Toropchenko       0  0  0  -1  0   0  0  0  0  0  1/1     8:26   1:15   0:00 
Beck Malenstyn           0  0  0  -1  0   0  3  0  0  0  0/0     7:37   0:00   0:00 
Brett Kulak              0  0  0  -1  0   1  1  1  1  0  0/0    29:49   6:33   3:26 
Dennis Cholowski         0  0  0   0  0   1  0  1  0  0  0/0    10:31   0:26   0:39 
Emil Pettersson          1  1  2   0  0   7  2  0  3  0  20/36  22:20   6:09   1:01 
Jaedon Descheneau        0  0  0   1  4   0  1  0  0  0  0/0    14:33   4:27   0:01 
Jordan Gross             0  0  0   0  0   2  5  0  0  0  0/0    20:19   5:10   1:52 
Kurtis Macdermid         1  0  1   1  2   3  2  0  0  0  0/2    17:35   4:27   3:02 
Kyle Platzer             0  0  0  -1  0   0  0  0  0  0  2/5     9:09   0:16   0:56 
Luke Martin              0  0  0   0  2   1  1  0  0  0  0/0    19:39   5:10   1:12 
Nikolai Kovalenko        0  0  0  -1  2   0  0  0  0  0  0/0    10:08   0:04   0:00 
Robin Norell             0  0  0  -1  0   1  3  2  0  0  0/0    29:49   6:33   3:26 
Theodor Blueger          0  1  1   1  0   2  1  0  1  0  9/11   15:21   4:27   0:47 
Thomas Gobeil            0  1  1   0  0   0  1  0  0  1  1/2    21:14   6:05   0:00 
Trent Frederic           0  0  0  -1  0   0  0  0  0  0  3/8    10:39   1:20   0:00 
William Carrier          1  1  2   0  0   6  3  0  1  1  6/9    24:57   6:25   3:21 

3 Stars

1 - Reid Boucher (Man)
2 - William Carrier (S.J)
3 - Morgan Geekie (Man)

Power Play

Moose - 2 on 5 Attempt(s) - 40.00%
Barracuda - 2 on 7 Attempt(s) - 28.57%

Penalty Kill

Moose - 5 on 7 Attempt(s) - 71.43% - Score 0 goal in Penalty Kill
Barracuda - 3 on 5 Attempt(s) - 60.00% - Score 0 goal in Penalty Kill

Team Stat

Moose - Hits : 19 - Faceoff Wins : 32 - Blocked Shots : 7 - Penalty Minutes : 27
Barracuda - Hits : 24 - Faceoff Wins : 42 - Blocked Shots : 5 - Penalty Minutes : 10

Official

Referees : Brandon Blandina and Conor O'Donnell
Linesman : Bevan Mills and Mark Shewchyk

Game Notes

Caleb Jones (Man) for Butt-ending (Major / Game Misconduct) at 9:58
Caleb Jones ejected from game at 9:58 of 2nd period
Logan O'Connor is injured at 5:23 of 3rd period (Broken Bone (Right Foot))

Finance

Level 1 -- Attendance: 2000 (100.00%) -- Ticket Income $140,000
Level 2 -- Attendance: 882 (88.20%) -- Ticket Income $35,280
Total Attendance: 2882 (96.07%)
Total Ticket Income: $175,280
Other Income: $8,764
Total Income: $184,044

Moose

5 vs 5 Forward 
   Center                   Left Wing                Right Wing               Time % Phy DF OF 
 1 Reid Boucher             Eetu Luostarinen         Morgan Geekie            35     1   2  2  
 2 Jake Leschyshyn          Morgan Barron            Logan O'Connor           25     1   2  2  
 3 Mitchell Stephens        Axel Jonsson-Fjallby     Julien Gauthier          20     1   2  2  
 4 Riley Damiani            Nick Paul                Aliaksei Protas          20     1   2  2  

5 vs 5 Defense 
   Defense                  Defense                                           Time % Phy DF OF 
 1 Ludwig Bystrom           Juuso Valimaki                                    40     1   2  2  
 2 Caleb Jones              Josh Mahura                                       30     1   2  2  
 3 Joey Keane               Jonny Tychonick                                   20     1   2  2  
 4 Ludwig Bystrom           Juuso Valimaki                                    10     1   2  2  

PowerPlay Forward 
   Center                   Left Wing                Right Wing               Time % Phy DF OF 
 1 Reid Boucher             Eetu Luostarinen         Morgan Geekie            60     1   2  2  
 2 Jake Leschyshyn          Morgan Barron            Julien Gauthier          40     1   2  2  

PowerPlay Defense
   Defense                  Defense                                           Time % Phy DF OF 
 1 Ludwig Bystrom           Juuso Valimaki                                    60     1   2  2  
 2 Caleb Jones              Josh Mahura                                       40     1   2  2  

Penalty Kill 4 Players Forward 
   Center                   Wing                     Time % Phy DF OF 
 1 Reid Boucher             Eetu Luostarinen         60     1   2  2  
 2 Jake Leschyshyn          Morgan Barron            40     1   2  2  

Penalty Kill 4 Players Defense
   Defense                  Defense                  Time % Phy DF OF 
 1 Ludwig Bystrom           Juuso Valimaki           60     1   2  2  
 2 Caleb Jones              Josh Mahura              40     1   2  2  

Penalty Kill - 3 Players Forward 
   Forward                                           Time % Phy DF OF 
 1 Reid Boucher                                      60     1   2  2  
 2 Jake Leschyshyn                                   40     1   2  2  

Penalty Kill - 3 Players Defense
   Defense                  Defense                  Time % Phy DF OF 
 1 Ludwig Bystrom           Juuso Valimaki           60     1   2  2  
 2 Caleb Jones              Josh Mahura              40     1   2  2  

4 vs 4 Forward 
   Center                   Wing                     Time % Phy DF OF 
 1 Reid Boucher             Eetu Luostarinen         60     1   2  2  
 2 Jake Leschyshyn          Morgan Barron            40     1   2  2  

4 vs 4 Defense
   Defense                  Defense                  Time % Phy DF OF 
 1 Ludwig Bystrom           Juuso Valimaki           60     1   2  2  
 2 Caleb Jones              Josh Mahura              40     1   2  2  

Last Minutes Offensive
   Center                   Left Wing                Right Wing               Defense                  Defense                  
   Reid Boucher             Eetu Luostarinen         Morgan Geekie            Ludwig Bystrom           Juuso Valimaki           

Last Minutes Defensive
   Center                   Left Wing                Right Wing               Defense                  Defense                  
   Reid Boucher             Eetu Luostarinen         Morgan Geekie            Ludwig Bystrom           Juuso Valimaki           

Goaltenders
Starting : Filip Gustavsson         
Backup : Daniel Vladar            

Extra Forwards
Normal : Logan O'Connor, Morgan Barron, Nick Paul - PP : Logan O'Connor, Morgan Barron - PK : Logan O'Connor
Extra Defensemen
Normal : Josh Mahura, Joey Keane, Jonny Tychonick - PP : Josh Mahura - PK : Josh Mahura, Joey Keane
Penalty Shots
Eetu Luostarinen, Reid Boucher, Morgan Geekie, Julien Gauthier, Logan O'Connor
Custom OT Lines Forwards
Eetu Luostarinen, Reid Boucher, Morgan Geekie, Julien Gauthier, Logan O'Connor, Morgan Barron, Nick Paul, Jake Leschyshyn, Axel Jonsson-Fjallby, Mitchell Stephens
Custom OT Lines Defensemen
Ludwig Bystrom, Juuso Valimaki, Caleb Jones, Josh Mahura, Joey Keane

Scratches
Anders Bjork (Healthy), Alexander Khovanov (Healthy), Jaret Anderson-Dolan (Healthy), Matthew Benning (Upper Body Injury), Adam Ginning (Bruised Right Foot Injury)
Boris Katchouk (Healthy), Max Jones (Healthy), Nathan Bastian (Healthy), William Bitten (Healthy), Jonatan Berggren (Healthy)
John Beecher (Healthy), Juuso Parssinen (Healthy), Lukas Rousek (Healthy), Olle Eriksson Ek (Healthy), Karel Vejmelka (Healthy)

Barracuda

5 vs 5 Forward 
   Center                   Left Wing                Right Wing               Time % Phy DF OF 
 1 Emil Pettersson          William Carrier          Thomas Gobeil            40     0   2  3  
 2 Theodor Blueger          Kurtis Macdermid         Jaedon Descheneau        30     0   2  3  
 3 Trent Frederic           Alex Henriksson          Nikolai Kovalenko        20     1   2  2  
 4 Kyle Platzer             Beck Malenstyn           Alexei Toropchenko       10     1   3  1  

5 vs 5 Defense 
   Defense                  Defense                                           Time % Phy DF OF 
 1 Brett Kulak              Robin Norell                                      40     1   2  2  
 2 Jordan Gross             Luke Martin                                       30     1   3  1  
 3 Alex Lintuniemi          Dennis Cholowski                                  20     1   2  2  
 4 Brett Kulak              Robin Norell                                      10     1   3  1  

PowerPlay Forward 
   Center                   Left Wing                Right Wing               Time % Phy DF OF 
 1 Emil Pettersson          William Carrier          Thomas Gobeil            60     0   1  4  
 2 Theodor Blueger          Kurtis Macdermid         Jaedon Descheneau        40     0   1  4  

PowerPlay Defense
   Defense                  Defense                                           Time % Phy DF OF 
 1 Brett Kulak              Robin Norell                                      60     1   2  2  
 2 Jordan Gross             Luke Martin                                       40     1   2  2  

Penalty Kill 4 Players Forward 
   Center                   Wing                     Time % Phy DF OF 
 1 William Carrier          Kurtis Macdermid         60     1   4  0  
 2 Emil Pettersson          Theodor Blueger          40     1   4  0  

Penalty Kill 4 Players Defense
   Defense                  Defense                  Time % Phy DF OF 
 1 Brett Kulak              Robin Norell             60     1   4  0  
 2 Jordan Gross             Luke Martin              40     1   4  0  

Penalty Kill - 3 Players Forward 
   Forward                                           Time % Phy DF OF 
 1 William Carrier                                   60     1   4  0  
 2 Kurtis Macdermid                                  40     1   4  0  

Penalty Kill - 3 Players Defense
   Defense                  Defense                  Time % Phy DF OF 
 1 Brett Kulak              Robin Norell             60     1   4  0  
 2 Jordan Gross             Luke Martin              40     1   4  0  

4 vs 4 Forward 
   Center                   Wing                     Time % Phy DF OF 
 1 William Carrier          Kurtis Macdermid         60     0   2  3  
 2 Emil Pettersson          Theodor Blueger          40     0   2  3  

4 vs 4 Defense
   Defense                  Defense                  Time % Phy DF OF 
 1 Brett Kulak              Robin Norell             60     1   2  2  
 2 Jordan Gross             Luke Martin              40     1   2  2  

Last Minutes Offensive
   Center                   Left Wing                Right Wing               Defense                  Defense                  
   Emil Pettersson          William Carrier          Thomas Gobeil            Brett Kulak              Robin Norell             

Last Minutes Defensive
   Center                   Left Wing                Right Wing               Defense                  Defense                  
   Emil Pettersson          William Carrier          Thomas Gobeil            Brett Kulak              Robin Norell             

Goaltenders
Starting : Joni Ortio               
Backup : Filip Larsson            

Extra Forwards
Normal : Trent Frederic, Alex Henriksson, Kyle Platzer - PP : Trent Frederic, Alex Henriksson - PK : Kyle Platzer
Extra Defensemen
Normal : Alex Lintuniemi, Dennis Cholowski, Jordan Gross - PP : Alex Lintuniemi - PK : Dennis Cholowski, Jordan Gross
Penalty Shots
William Carrier, Kurtis Macdermid, Emil Pettersson, Theodor Blueger, Trent Frederic
Custom OT Lines Forwards
William Carrier, Kurtis Macdermid, Emil Pettersson, Theodor Blueger, Trent Frederic, Alex Henriksson, Kyle Platzer, Thomas Gobeil, Jaedon Descheneau, Nikolai Kovalenko
Custom OT Lines Defensemen
Brett Kulak, Robin Norell, Jordan Gross, Luke Martin, Alex Lintuniemi

Scratches
Jacob Peterson (Healthy), Ryan Merkley (Healthy), Bode Wilde (Healthy), Adam Edstrom (Healthy), Adam Beckman (Healthy)
Angus Crookshank (Healthy), Kevin Mandolese (Healthy)

% Time on Ice - Moose

Lines # - Real PCT - Wanted PCT - Time Play
Normal Forward
1 - 36% - 35% - 14:58
2 - 26% - 25% - 10:45
3 - 19% - 20% - 8:10
4 - 20% - 20% - 8:13
Normal Defense
1 - 44% - 40% - 18:29
2 - 35% - 30% - 14:42
3 - 18% - 20% - 7:27
4 - 3% - 10% - 1:28
PP Forward
1 - 60% - 60% - 3:10
2 - 40% - 40% - 2:08
PP Defense
1 - 57% - 60% - 3:02
2 - 43% - 40% - 2:16
PK Forward
1 - 78% - 60% - 9:27
2 - 22% - 40% - 2:42
PK Defense
1 - 53% - 60% - 6:28
2 - 47% - 40% - 5:41
PK3 Forward
1 - 0% - 60%
2 - 0% - 40%
PK3 Defense
1 - 0% - 60%
2 - 0% - 40%
44 Forward
1 - 0% - 60%
2 - 0% - 40%
44 Defense
1 - 0% - 60%
2 - 0% - 40%
Last Minute Offensive  - 0:00
Last Minute Defensive  - 0:27
Total
Forward - 60:00
Defense - 60:00

% Time on Ice - Barracuda

Lines # - Real PCT - Wanted PCT - Time Play
Normal Forward
1 - 36% - 40% - 15:04
2 - 24% - 30% - 10:07
3 - 22% - 20% - 9:18
4 - 18% - 10% - 7:37
Normal Defense
1 - 44% - 40% - 18:25
2 - 32% - 30% - 13:17
3 - 22% - 20% - 9:26
4 - 2% - 10% - 0:58
PP Forward
1 - 63% - 60% - 7:36
2 - 37% - 40% - 4:33
PP Defense
1 - 54% - 60% - 6:33
2 - 46% - 40% - 5:36
PK Forward
1 - 82% - 60% - 3:31
2 - 18% - 40% - 0:47
PK Defense
1 - 62% - 60% - 2:41
2 - 38% - 40% - 1:37
PK3 Forward
1 - 80% - 60% - 0:48
2 - 20% - 40% - 0:12
PK3 Defense
1 - 75% - 60% - 0:45
2 - 25% - 40% - 0:15
44 Forward
1 - 0% - 60%
2 - 0% - 40%
44 Defense
1 - 0% - 60%
2 - 0% - 40%
Last Minute Offensive  - 0:27
Last Minute Defensive  - 0:00
Total
Forward - 60:00
Defense - 60:00

Play-by-Play

1st period


0:01 of 1st period - Emil Pettersson wins face-off versus Reid Boucher in neutral zone.
0:26 of 1st period - Logan O'Connor is hit by Robin Norell and loses puck.
1:17 of 1st period - Nick Paul is hit by Brett Kulak and loses puck.
1:34 of 1st period - Snap shot by Reid Boucher.
1:34 of 1st period - Shot Blocked by Brett Kulak.
1:36 of 1st period - Slapshot by Ludwig Bystrom.
1:36 of 1st period - Shot Blocked by Robin Norell.
2:08 of 1st period - Robin Norell is hit by Jake Leschyshyn.
2:40 of 1st period - Slapshot by Jordan Gross.
2:40 of 1st period - Stopped by Filip Gustavsson with a rebound.
2:46 of 1st period - Joey Keane is hit by Jordan Gross and loses puck.
3:46 of 1st period - Icing by Robin Norell.
3:47 of 1st period - Theodor Blueger wins face-off versus Jake Leschyshyn in Barracuda zone.
3:54 of 1st period - Snap shot by Theodor Blueger.
3:54 of 1st period - Stopped by Filip Gustavsson with a rebound.
4:43 of 1st period - Luke Martin is hit by Aliaksei Protas and loses puck.
5:23 of 1st period - Icing by Josh Mahura.
5:24 of 1st period - Jake Leschyshyn wins face-off versus Trent Frederic in Moose zone.
5:41 of 1st period - Snap shot by Logan O'Connor.
5:41 of 1st period - Stopped by Joni Ortio with a rebound.
5:43 of 1st period - Slapshot by Josh Mahura.
5:43 of 1st period - Shot Misses the Net.
5:45 of 1st period - Slapshot by Caleb Jones.
5:45 of 1st period - Deflect By Jake Leschyshyn.
5:45 of 1st period - Shot Blocked by Robin Norell.
5:45 of 1st period - Puck is out of play.
5:46 of 1st period - Eetu Luostarinen wins face-off versus Emil Pettersson in Barracuda zone.
6:11 of 1st period - Brett Kulak is hit by Nick Paul and loses puck.
6:56 of 1st period - Snap shot by Emil Pettersson.
6:56 of 1st period - Stopped by Filip Gustavsson with a rebound.
6:58 of 1st period - Snap shot by William Carrier.
6:58 of 1st period - Stopped by Filip Gustavsson without a rebound.
6:59 of 1st period - Theodor Blueger wins face-off versus Reid Boucher in Moose zone.
7:12 of 1st period - Ludwig Bystrom is hit by Kurtis Macdermid and loses puck.
7:27 of 1st period - Nick Paul is hit by William Carrier and loses puck.
8:14 of 1st period - Kyle Platzer is hit by Juuso Valimaki and loses puck.
9:36 of 1st period - Snap shot by Morgan Geekie.
9:36 of 1st period - Goal by Morgan Geekie - Moose : 1 - Barracuda : 0.
9:37 of 1st period - Emil Pettersson wins face-off versus Reid Boucher in neutral zone.
9:40 of 1st period - Eetu Luostarinen is hit by Thomas Gobeil and loses puck.
10:22 of 1st period - Robin Norell is hit by Caleb Jones and loses puck.
11:05 of 1st period - Wrist shot by Eetu Luostarinen.
11:05 of 1st period - Stopped by Joni Ortio without a rebound.
11:06 of 1st period - Emil Pettersson wins face-off versus Reid Boucher in Barracuda zone.
11:52 of 1st period - Minor Penalty to Nikolai Kovalenko for Hooking.
11:53 of 1st period - Reid Boucher wins face-off versus William Carrier in Barracuda zone.
12:05 of 1st period - Snap shot by William Carrier.
12:05 of 1st period - Stopped by Filip Gustavsson with a rebound.
12:09 of 1st period - Wrist shot by Kurtis Macdermid.
12:09 of 1st period - Shot Misses the Net.
13:52 of 1st period - Penalty to Nikolai Kovalenko is over, Nikolai Kovalenko is back on ice.
13:57 of 1st period - Slapshot by Nick Paul.
13:57 of 1st period - Shot Misses the Net.
13:59 of 1st period - Wrist shot by Aliaksei Protas.
13:59 of 1st period - Deflect By Nick Paul.
13:59 of 1st period - Stopped by Joni Ortio with a rebound.
14:01 of 1st period - Snap shot by Joey Keane.
14:01 of 1st period - Shot Misses the Net.
14:19 of 1st period - Wrist shot by Kurtis Macdermid.
14:19 of 1st period - Deflect By Theodor Blueger.
14:19 of 1st period - Shot Misses the Net.
14:19 of 1st period - Puck is out of play.
14:20 of 1st period - Mitchell Stephens wins face-off versus Theodor Blueger in Moose zone.
14:45 of 1st period - Minor Penalty to Aliaksei Protas for Cross-checking.
14:46 of 1st period - Emil Pettersson wins face-off versus Reid Boucher in Moose zone.
15:23 of 1st period - Slapshot by Kurtis Macdermid.
15:23 of 1st period - Shot Misses the Net.
15:25 of 1st period - Backhand shot by Kurtis Macdermid.
15:25 of 1st period - Shot Misses the Net.
16:33 of 1st period - Juuso Valimaki is hit by Jordan Gross and loses puck.
16:45 of 1st period - Penalty to Aliaksei Protas is over, Aliaksei Protas is back on ice.
16:56 of 1st period - Wrist shot by Julien Gauthier.
16:56 of 1st period - Stopped by Joni Ortio without a rebound.
16:57 of 1st period - Mitchell Stephens wins face-off versus Trent Frederic in Barracuda zone.
17:04 of 1st period - Snap shot by Julien Gauthier.
17:04 of 1st period - Stopped by Joni Ortio with a rebound.
17:06 of 1st period - Snap shot by Mitchell Stephens.
17:06 of 1st period - Shot Misses the Net.
17:08 of 1st period - Snap shot by Mitchell Stephens.
17:08 of 1st period - Shot Blocked by Alex Lintuniemi.
17:10 of 1st period - Wrist shot by Axel Jonsson-Fjallby.
17:10 of 1st period - Shot Misses the Net.
17:12 of 1st period - Slapshot by Jonny Tychonick.
17:12 of 1st period - Shot Blocked by Dennis Cholowski.
17:22 of 1st period - Nick Paul is hit by Beck Malenstyn.
18:04 of 1st period - William Carrier is hit by Reid Boucher and loses puck.
18:34 of 1st period - Icing by Mitchell Stephens.
18:35 of 1st period - Theodor Blueger wins face-off versus Mitchell Stephens in Moose zone.
18:36 of 1st period - Wrist shot by Kurtis Macdermid.
18:36 of 1st period - Shot Misses the Net.
19:05 of 1st period - Icing by Mitchell Stephens.
19:06 of 1st period - Reid Boucher wins face-off versus Emil Pettersson in Moose zone.
19:38 of 1st period - Snap shot by Jake Leschyshyn.
19:38 of 1st period - Shot Misses the Net.
19:40 of 1st period - Snap shot by Morgan Barron.
19:40 of 1st period - Shot Misses the Net.
Goals for this period are 1 for Moose vs 0 for Barracuda.
Shots for this period are 6 for Moose vs 5 for Barracuda.

2nd period


0:01 of 2nd period - Reid Boucher wins face-off versus Emil Pettersson in neutral zone.
0:10 of 2nd period - Slapshot by Ludwig Bystrom.
0:10 of 2nd period - Shot Misses the Net.
0:46 of 2nd period - Snap shot by Emil Pettersson.
0:46 of 2nd period - Shot Misses the Net.
1:06 of 2nd period - Slapshot by Jake Leschyshyn.
1:06 of 2nd period - Stopped by Joni Ortio with a rebound.
1:08 of 2nd period - Wrist shot by Jake Leschyshyn.
1:08 of 2nd period - Stopped by Joni Ortio without a rebound.
1:09 of 2nd period - Reid Boucher wins face-off versus Theodor Blueger in Barracuda zone.
1:38 of 2nd period - Morgan Barron is hit by Alex Henriksson and loses puck.
1:45 of 2nd period - Jordan Gross is hit by Ludwig Bystrom and loses puck.
2:44 of 2nd period - Snap shot by Jake Leschyshyn.
2:44 of 2nd period - Stopped by Joni Ortio with a rebound.
3:00 of 2nd period - Wrist shot by Kyle Platzer.
3:00 of 2nd period - Shot Blocked by Caleb Jones.
3:02 of 2nd period - Snap shot by Brett Kulak.
3:02 of 2nd period - Stopped by Filip Gustavsson without a rebound.
3:03 of 2nd period - Reid Boucher wins face-off versus Kyle Platzer in Moose zone.
3:40 of 2nd period - Snap shot by Kyle Platzer.
3:40 of 2nd period - Shot Misses the Net.
3:42 of 2nd period - Slapshot by Alex Lintuniemi.
3:42 of 2nd period - Stopped by Filip Gustavsson without a rebound.
3:43 of 2nd period - Jake Leschyshyn wins face-off versus Emil Pettersson in Moose zone.
3:45 of 2nd period - Minor Penalty to Jake Leschyshyn for Roughing.
3:46 of 2nd period - Reid Boucher wins face-off versus Emil Pettersson in Moose zone.
3:46 of 2nd period - Reid Boucher is hit by Emil Pettersson.
3:56 of 2nd period - Snap shot by Eetu Luostarinen.
3:56 of 2nd period - Deflect By Reid Boucher.
3:56 of 2nd period - Stopped by Joni Ortio with a rebound.
4:24 of 2nd period - Snap shot by Kurtis Macdermid.
4:24 of 2nd period - Stopped by Filip Gustavsson without a rebound.
4:25 of 2nd period - Emil Pettersson wins face-off versus Reid Boucher in Moose zone.
4:26 of 2nd period - Snap shot by William Carrier.
4:26 of 2nd period - Goal by William Carrier - Moose : 1 - Barracuda : 1.
4:27 of 2nd period - Emil Pettersson wins face-off versus Reid Boucher in neutral zone.
4:37 of 2nd period - Icing by Brett Kulak.
4:38 of 2nd period - Reid Boucher wins face-off versus Emil Pettersson in Barracuda zone.
4:45 of 2nd period - Juuso Valimaki is hit by William Carrier and loses puck.
4:50 of 2nd period - Wrist shot by William Carrier.
4:50 of 2nd period - Stopped by Filip Gustavsson without a rebound.
4:51 of 2nd period - Emil Pettersson wins face-off versus Reid Boucher in Moose zone.
4:54 of 2nd period - Wrist shot by Emil Pettersson.
4:54 of 2nd period - Stopped by Filip Gustavsson without a rebound.
4:55 of 2nd period - Reid Boucher wins face-off versus Emil Pettersson in Moose zone.
4:55 of 2nd period - Reid Boucher is hit by Robin Norell.
5:29 of 2nd period - Minor Penalty to Jaedon Descheneau for Tripping.
5:30 of 2nd period - Reid Boucher wins face-off versus William Carrier in Barracuda zone.
5:32 of 2nd period - Snap shot by Reid Boucher.
5:32 of 2nd period - Stopped by Joni Ortio with a rebound.
5:34 of 2nd period - Slapshot by Juuso Valimaki.
5:34 of 2nd period - Stopped by Joni Ortio without a rebound.
5:35 of 2nd period - William Carrier wins face-off versus Eetu Luostarinen in Barracuda zone.
5:35 of 2nd period - William Carrier is hit by Reid Boucher.
6:09 of 2nd period - Snap shot by Morgan Barron.
6:09 of 2nd period - Stopped by Joni Ortio without a rebound.
6:10 of 2nd period - William Carrier wins face-off versus Reid Boucher in Barracuda zone.
6:28 of 2nd period - Minor Penalty to Luke Martin for High sticking.
6:29 of 2nd period - William Carrier wins face-off versus Reid Boucher in Barracuda zone.
6:29 of 2nd period - William Carrier is hit by Morgan Geekie.
6:39 of 2nd period - Slapshot by Brett Kulak.
6:39 of 2nd period - Shot Misses the Net.
7:13 of 2nd period - Off-side.
7:14 of 2nd period - Reid Boucher wins face-off versus Kurtis Macdermid in neutral zone.
7:19 of 2nd period - Backhand shot by Reid Boucher.
7:19 of 2nd period - Shot Misses the Net.
7:29 of 2nd period - Penalty to Jaedon Descheneau is over, Jaedon Descheneau is back on ice.
7:56 of 2nd period - Eetu Luostarinen is hit by Jordan Gross and loses puck.
8:00 of 2nd period - Icing by Morgan Geekie.
8:01 of 2nd period - Kyle Platzer wins face-off versus Reid Boucher in Moose zone.
8:10 of 2nd period - Snap shot by Kyle Platzer.
8:10 of 2nd period - Shot Blocked by Eetu Luostarinen.
8:28 of 2nd period - Penalty to Luke Martin is over, Luke Martin is back on ice.
9:07 of 2nd period - Slapshot by Ludwig Bystrom.
9:07 of 2nd period - Deflect By Eetu Luostarinen.
9:07 of 2nd period - Shot Misses the Net.
9:07 of 2nd period - Puck is out of play.
9:08 of 2nd period - Reid Boucher wins face-off versus Trent Frederic in Barracuda zone.
9:11 of 2nd period - Snap shot by Morgan Geekie.
9:11 of 2nd period - Shot Misses the Net.
9:58 of 2nd period - Major / Game Misconduct Penalty to Caleb Jones for Butt-ending.
9:58 of 2nd period - Caleb Jones is ejected from game.
9:59 of 2nd period - Emil Pettersson wins face-off versus Reid Boucher in Moose zone.
10:01 of 2nd period - Snap shot by William Carrier.
10:01 of 2nd period - Shot Blocked by Ludwig Bystrom.
10:13 of 2nd period - Wrist shot by William Carrier.
10:13 of 2nd period - Stopped by Filip Gustavsson without a rebound.
10:14 of 2nd period - Emil Pettersson wins face-off versus Reid Boucher in Moose zone.
10:19 of 2nd period - Wrist shot by William Carrier.
10:19 of 2nd period - Stopped by Filip Gustavsson with a rebound.
10:21 of 2nd period - Snap shot by Emil Pettersson.
10:21 of 2nd period - Stopped by Filip Gustavsson with a rebound.
10:27 of 2nd period - Wrist shot by Emil Pettersson.
10:27 of 2nd period - Stopped by Filip Gustavsson with a rebound.
10:29 of 2nd period - Slapshot by Brett Kulak.
10:29 of 2nd period - Shot Misses the Net.
11:25 of 2nd period - Luke Martin is hit by Reid Boucher and loses puck.
14:58 of 2nd period - Penalty to Caleb Jones is over, Morgan Geekie is send on ice.
15:02 of 2nd period - Icing by Josh Mahura.
15:03 of 2nd period - Riley Damiani wins face-off versus Kyle Platzer in Moose zone.
16:02 of 2nd period - Snap shot by Aliaksei Protas.
16:02 of 2nd period - Stopped by Joni Ortio without a rebound.
16:03 of 2nd period - Emil Pettersson wins face-off versus Reid Boucher in Barracuda zone.
16:03 of 2nd period - Emil Pettersson is hit by Morgan Geekie.
16:25 of 2nd period - Juuso Valimaki is hit by Theodor Blueger.
16:48 of 2nd period - Snap shot by Julien Gauthier.
16:48 of 2nd period - Stopped by Joni Ortio without a rebound.
16:49 of 2nd period - Kyle Platzer wins face-off versus Mitchell Stephens in Barracuda zone.
16:49 of 2nd period - Kyle Platzer is hit by Julien Gauthier.
16:57 of 2nd period - Josh Mahura is hit by Beck Malenstyn.
17:07 of 2nd period - Axel Jonsson-Fjallby is hit by Beck Malenstyn and loses puck.
17:18 of 2nd period - Backhand shot by Luke Martin.
17:18 of 2nd period - Stopped by Filip Gustavsson without a rebound.
17:19 of 2nd period - Reid Boucher wins face-off versus Thomas Gobeil in Moose zone.
17:28 of 2nd period - Wrist shot by Morgan Geekie.
17:28 of 2nd period - Stopped by Joni Ortio with a rebound.
17:30 of 2nd period - Snap shot by Morgan Geekie.
17:30 of 2nd period - Stopped by Joni Ortio with a rebound.
17:51 of 2nd period - Wrist shot by Logan O'Connor.
17:51 of 2nd period - Stopped by Joni Ortio without a rebound.
17:52 of 2nd period - Reid Boucher wins face-off versus Kurtis Macdermid in Barracuda zone.
17:57 of 2nd period - Snap shot by Morgan Geekie.
17:57 of 2nd period - Shot Misses the Net.
18:05 of 2nd period - Wrist shot by Theodor Blueger.
18:05 of 2nd period - Stopped by Filip Gustavsson without a rebound.
18:06 of 2nd period - Emil Pettersson wins face-off versus Reid Boucher in Moose zone.
18:11 of 2nd period - Wrist shot by Emil Pettersson.
18:11 of 2nd period - Shot Misses the Net.
18:19 of 2nd period - Wrist shot by Emil Pettersson.
18:19 of 2nd period - Deflect By Reid Boucher.
18:19 of 2nd period - Shot Blocked by Morgan Geekie.
18:19 of 2nd period - Puck is out of play.
18:20 of 2nd period - William Carrier wins face-off versus Reid Boucher in Moose zone.
18:32 of 2nd period - Off-side.
18:33 of 2nd period - Emil Pettersson wins face-off versus Reid Boucher in neutral zone.
18:40 of 2nd period - Juuso Valimaki is hit by Emil Pettersson and loses puck.
19:39 of 2nd period - Wrist shot by Eetu Luostarinen.
19:39 of 2nd period - Stopped by Joni Ortio with a rebound.
19:42 of 2nd period - Icing by Brett Kulak.
19:43 of 2nd period - Emil Pettersson wins face-off versus Jake Leschyshyn in Barracuda zone.
19:54 of 2nd period - Slapshot by Brett Kulak.
19:54 of 2nd period - Shot Misses the Net.
Goals for this period are 0 for Moose vs 1 for Barracuda.
Shots for this period are 13 for Moose vs 12 for Barracuda.

3rd period


0:01 of 3rd period - Reid Boucher wins face-off versus Emil Pettersson in neutral zone.
0:09 of 3rd period - Icing by Joey Keane.
0:10 of 3rd period - Reid Boucher wins face-off versus Emil Pettersson in Moose zone.
0:15 of 3rd period - Wrist shot by Eetu Luostarinen.
0:15 of 3rd period - Shot Hit the Post.
0:44 of 3rd period - Icing by Joey Keane.
0:45 of 3rd period - Theodor Blueger wins face-off versus Reid Boucher in Moose zone.
0:50 of 3rd period - Wrist shot by Kurtis Macdermid.
0:50 of 3rd period - Goal by Kurtis Macdermid - Moose : 1 - Barracuda : 2.
0:51 of 3rd period - Emil Pettersson wins face-off versus Reid Boucher in neutral zone.
0:55 of 3rd period - Robin Norell is hit by Ludwig Bystrom and loses puck.
1:16 of 3rd period - Juuso Valimaki is hit by Kurtis Macdermid and loses puck.
1:40 of 3rd period - Minor Penalty to Aliaksei Protas for Interference.
1:41 of 3rd period - Reid Boucher wins face-off versus Emil Pettersson in Moose zone.
1:41 of 3rd period - Reid Boucher is hit by Luke Martin.
1:47 of 3rd period - Slapshot by Ludwig Bystrom.
1:47 of 3rd period - Stopped by Joni Ortio without a rebound.
1:48 of 3rd period - Emil Pettersson wins face-off versus Reid Boucher in Barracuda zone.
2:03 of 3rd period - Wrist shot by Emil Pettersson.
2:03 of 3rd period - Stopped by Filip Gustavsson without a rebound.
2:04 of 3rd period - Emil Pettersson wins face-off versus Reid Boucher in Moose zone.
2:05 of 3rd period - Wrist shot by William Carrier.
2:05 of 3rd period - Shot Blocked by Reid Boucher.
2:07 of 3rd period - Wrist shot by Thomas Gobeil.
2:07 of 3rd period - Shot Misses the Net.
2:11 of 3rd period - Wrist shot by William Carrier.
2:11 of 3rd period - Shot Misses the Net.
2:13 of 3rd period - Slapshot by Thomas Gobeil.
2:13 of 3rd period - Shot Misses the Net.
2:15 of 3rd period - Slapshot by Robin Norell.
2:15 of 3rd period - Stopped by Filip Gustavsson with a rebound.
2:36 of 3rd period - Slapshot by Josh Mahura.
2:36 of 3rd period - Shot Misses the Net.
3:24 of 3rd period - Ludwig Bystrom is hit by Robin Norell and loses puck.
3:40 of 3rd period - Penalty to Aliaksei Protas is over, Aliaksei Protas is back on ice.
4:50 of 3rd period - Wrist shot by Julien Gauthier.
4:50 of 3rd period - Goal by Julien Gauthier - Moose : 2 - Barracuda : 2.
4:51 of 3rd period - Reid Boucher wins face-off versus Emil Pettersson in neutral zone.
5:22 of 3rd period - Logan O'Connor is hit by Jordan Gross and loses puck.
5:23 of 3rd period - Logan O'Connor from Moose is injured at 5:23 of 3rd period (Broken Bone (Right Foot)).
5:24 of 3rd period - Reid Boucher wins face-off versus Emil Pettersson in Moose zone.
5:45 of 3rd period - Minor Penalty to Morgan Geekie for Holding.
5:46 of 3rd period - Emil Pettersson wins face-off versus Reid Boucher in Moose zone.
5:57 of 3rd period - Emil Pettersson is hit by Juuso Valimaki and loses puck.
6:49 of 3rd period - Slapshot by Josh Mahura.
6:49 of 3rd period - Stopped by Joni Ortio without a rebound.
6:50 of 3rd period - Theodor Blueger wins face-off versus Jake Leschyshyn in Barracuda zone.
6:54 of 3rd period - Off-side.
6:55 of 3rd period - Theodor Blueger wins face-off versus Reid Boucher in neutral zone.
6:57 of 3rd period - Off-side.
6:58 of 3rd period - Eetu Luostarinen wins face-off versus Emil Pettersson in neutral zone.
7:45 of 3rd period - Penalty to Morgan Geekie is over, Morgan Geekie is back on ice.
7:58 of 3rd period - Off-side.
7:59 of 3rd period - Jake Leschyshyn wins face-off versus Kyle Platzer in neutral zone.
8:24 of 3rd period - Robin Norell is hit by Axel Jonsson-Fjallby and loses puck.
9:05 of 3rd period - Minor Penalty to Joey Keane for Tripping.
9:06 of 3rd period - Thomas Gobeil wins face-off versus Reid Boucher in Moose zone.
9:21 of 3rd period - Wrist shot by Emil Pettersson.
9:21 of 3rd period - Goal by Emil Pettersson - Moose : 2 - Barracuda : 3.
9:22 of 3rd period - Emil Pettersson wins face-off versus Reid Boucher in neutral zone.
9:24 of 3rd period - Off-side.
9:25 of 3rd period - Emil Pettersson wins face-off versus Reid Boucher in neutral zone.
10:02 of 3rd period - Snap shot by Kurtis Macdermid.
10:02 of 3rd period - Stopped by Filip Gustavsson without a rebound.
10:03 of 3rd period - Mitchell Stephens wins face-off versus Emil Pettersson in Moose zone.
10:03 of 3rd period - Mitchell Stephens is hit by William Carrier.
10:12 of 3rd period - Off-side.
10:13 of 3rd period - Mitchell Stephens wins face-off versus Emil Pettersson in neutral zone.
10:24 of 3rd period - Snap shot by Julien Gauthier.
10:24 of 3rd period - Stopped by Joni Ortio without a rebound.
10:25 of 3rd period - Theodor Blueger wins face-off versus Reid Boucher in Barracuda zone.
10:37 of 3rd period - Ludwig Bystrom is hit by Jaedon Descheneau and loses puck.
10:40 of 3rd period - Wrist shot by Morgan Geekie.
10:40 of 3rd period - Shot Misses the Net.
10:46 of 3rd period - Minor Penalty to Kurtis Macdermid for High sticking.
10:47 of 3rd period - Reid Boucher wins face-off versus William Carrier in Barracuda zone.
10:50 of 3rd period - Snap shot by Reid Boucher.
10:50 of 3rd period - Shot Misses the Net.
10:52 of 3rd period - Wrist shot by Morgan Geekie.
10:52 of 3rd period - Goal by Morgan Geekie - Moose : 3 - Barracuda : 3.
10:53 of 3rd period - Reid Boucher wins face-off versus Emil Pettersson in neutral zone.
11:43 of 3rd period - Wrist shot by Emil Pettersson.
11:43 of 3rd period - Stopped by Filip Gustavsson with a rebound.
11:45 of 3rd period - Snap shot by Jordan Gross.
11:45 of 3rd period - Shot Misses the Net.
12:05 of 3rd period - Slapshot by William Carrier.
12:05 of 3rd period - Shot Misses the Net.
12:07 of 3rd period - Slapshot by Thomas Gobeil.
12:07 of 3rd period - Shot Misses the Net.
12:09 of 3rd period - Slapshot by Jordan Gross.
12:09 of 3rd period - Stopped by Filip Gustavsson with a rebound.
12:11 of 3rd period - Slapshot by Jordan Gross.
12:11 of 3rd period - Shot Blocked by Morgan Geekie.
12:13 of 3rd period - Snap shot by Thomas Gobeil.
12:13 of 3rd period - Deflect By William Carrier.
12:13 of 3rd period - Shot Misses the Net.
12:13 of 3rd period - Puck is out of play.
12:14 of 3rd period - Theodor Blueger wins face-off versus Jake Leschyshyn in Moose zone.
12:25 of 3rd period - Wrist shot by Theodor Blueger.
12:25 of 3rd period - Shot Misses the Net.
12:31 of 3rd period - Brett Kulak is hit by Morgan Barron and loses puck.
15:38 of 3rd period - Ludwig Bystrom is hit by Jordan Gross and loses puck.
15:55 of 3rd period - Theodor Blueger is hit by Aliaksei Protas and loses puck.
16:05 of 3rd period - Icing by Luke Martin.
16:06 of 3rd period - Theodor Blueger wins face-off versus Mitchell Stephens in Barracuda zone.
16:06 of 3rd period - Theodor Blueger is hit by Juuso Valimaki.
16:12 of 3rd period - Luke Martin is hit by Julien Gauthier and loses puck.
16:26 of 3rd period - Icing by Thomas Gobeil.
16:27 of 3rd period - Alexei Toropchenko wins face-off versus Jake Leschyshyn in Barracuda zone.
16:40 of 3rd period - Backhand shot by Morgan Geekie.
16:40 of 3rd period - Shot Misses the Net.
16:42 of 3rd period - Slapshot by Morgan Geekie.
16:42 of 3rd period - Stopped by Joni Ortio without a rebound.
16:43 of 3rd period - Reid Boucher wins face-off versus Trent Frederic in Barracuda zone.
16:46 of 3rd period - Slapshot by Morgan Geekie.
16:46 of 3rd period - Shot Misses the Net.
16:48 of 3rd period - Snap shot by Morgan Geekie.
16:48 of 3rd period - Deflect By Reid Boucher.
16:48 of 3rd period - Shot Misses the Net.
16:48 of 3rd period - Puck is out of play.
16:49 of 3rd period - Trent Frederic wins face-off versus Riley Damiani in Barracuda zone.
16:54 of 3rd period - Slapshot by Brett Kulak.
16:54 of 3rd period - Deflect By Nikolai Kovalenko.
16:54 of 3rd period - Deflect By Josh Mahura.
16:54 of 3rd period - Shot Misses the Net.
16:54 of 3rd period - Puck is out of play.
16:55 of 3rd period - Trent Frederic wins face-off versus Riley Damiani in Moose zone.
18:15 of 3rd period - Wrist shot by Alex Henriksson.
18:15 of 3rd period - Shot Misses the Net.
18:17 of 3rd period - Snap shot by Dennis Cholowski.
18:17 of 3rd period - Stopped by Filip Gustavsson without a rebound.
18:18 of 3rd period - Mitchell Stephens wins face-off versus Trent Frederic in Moose zone.
18:29 of 3rd period - Wrist shot by Axel Jonsson-Fjallby.
18:29 of 3rd period - Stopped by Joni Ortio without a rebound.
18:30 of 3rd period - Trent Frederic wins face-off versus Riley Damiani in Barracuda zone.
18:43 of 3rd period - Backhand shot by Alex Henriksson.
18:43 of 3rd period - Shot Misses the Net.
19:01 of 3rd period - Minor Penalty to Jaedon Descheneau for Slashing.
19:02 of 3rd period - William Carrier wins face-off versus Reid Boucher in Barracuda zone.
19:16 of 3rd period - Slapshot by Juuso Valimaki.
19:16 of 3rd period - Deflect By Reid Boucher.
19:16 of 3rd period - Goal by Reid Boucher - Moose : 4 - Barracuda : 3.
19:17 of 3rd period - William Carrier wins face-off versus Eetu Luostarinen in neutral zone.
19:43 of 3rd period - Minor Penalty to Morgan Geekie for Tripping.
19:44 of 3rd period - Emil Pettersson wins face-off versus Reid Boucher in Moose zone.
19:45 of 3rd period - Barracuda, Joni Ortio is pulled from the net.
19:55 of 3rd period - Slapshot by Brett Kulak.
19:55 of 3rd period - Shot Blocked by Juuso Valimaki.
Goals for this period are 3 for Moose vs 2 for Barracuda.
Shots for this period are 8 for Moose vs 8 for Barracuda.